 Dungeon Crawl Stone Soup version 0.18.1-2-ga659475 (webtiles) character file.

182 esc the Poker (level 5, 0/46 HPs)
             Began as a Hill Orc Gladiator on May 8, 2016.
             Was a Believer of Makhleb.
             Slain by Grinder (5 damage)
             ... on level 4 of the Dungeon.
             The game lasted 00:09:02 (3242 turns).

esc the Poker (Hill Orc Gladiator)                  Turns: 3242, Time: 00:09:02

Health: 0/46       AC:  8    Str: 18    XL:     5   Next: 62%
Magic:  6/6        EV: 12    Int:  9    God:    Makhleb [**....]
Gold:   174        SH:  0    Dex: 11    Spells: 0 memorised, 4 levels left

rFire  . . .     SeeInvis .     k - +0 halberd
rCold  . . .     Gourm    .     b - +0 leather armour
rNeg   . . .     Faith    .     (shield currently unavailable)
rPois  .         Spirit   .     c - +1 helmet
rElec  .         Dismiss  .     u - +0 cloak
rCorr  +         Reflect  .     (no gloves)
SustAt .         Harm     .     j - +1 pair of boots
MR     .....                    (no amulet)
Stlth  +.........               (no ring)
                                t - ring of resist corrosion

@: not resistant to hostile enchantments, very unstealthy
A: no striking features
a: Minor Destruction, Renounce Religion


You were on level 4 of the Dungeon.
You worshipped Makhleb.
Makhleb was pleased with you.
You were not hungry.

You visited 1 branch of the dungeon, and saw 4 of its levels.

You collected 174 gold pieces.

Inventory:

Hand Weapons
 k - a +0 halberd (weapon)
   (You took it off a gnoll on level 2 of the Dungeon)
Missiles
 d - 3 throwing nets {=f, !d}
 i - 15 poisoned needles
 l - 153 stones (quivered)
Armour
 b - a +0 leather armour (worn)
 c - a +1 helmet (worn)
 j - a +1 pair of boots (worn)
   (You found it on level 1 of the Dungeon)
 u - a +0 cloak (worn)
   (You found it on level 3 of the Dungeon)
Jewellery
 t - a ring of resist corrosion (left hand)
   (You found it on level 3 of the Dungeon)
Scrolls
 a - 4 scrolls of remove curse
 e - a scroll of fog
 m - a scroll of enchant armour
 q - 3 scrolls of teleportation
 w - 2 scrolls of amnesia
Potions
 n - a potion of resistance
 o - 2 potions of curing
 p - a potion of cure mutation {!q}
 r - 2 potions of flight
 x - a potion of heal wounds {unknown}
Comestibles
 f - a bread ration {@e1}
 g - 9 fruits
 h - a beef jerky
 v - a meat ration {@e2}


   Skills:
 + Level 3.8 Fighting
 + Level 4.3 Polearms
 - Level 1.7 Throwing
 + Level 2.3 Armour
 + Level 3.2 Dodging
 + Level 1.5 Invocations


You had 4 spell levels left.
You didn't know any spells.

Dungeon Overview and Level Annotations

Branches:
Dungeon (4/15)
 Temple: D:4-7

Altars:
Makhleb

Annotations:
D:4 Grinder


Message History

w - 2 scrolls of amnesia (gained 1) No target in view!
No target in view!
The ooze quivers.
Found a stone staircase leading down.
Attack whom?
Aim: an ooze You reach to attack!
You slash the ooze!
You kill the ooze!
Makhleb accepts your kill.
You can now harness Makhleb's destructive might.
Found an escape hatch in the floor.
There is an escape hatch in the floor here.
There is an escape hatch in the floor here.
l - 153 stones (gained 12)
Found a stone staircase leading up.
Okay, then.
Done exploring.
Done exploring.
You open the door.
There is an open door here.
There is an open door here.
Things that are here:
a leather armour x2
There is an escape hatch in the floor here.
You slide downwards.
The hatch slams shut behind you.
An orc comes into view. It is wielding a falchion.
The orc shouts!
The orc moves out of view.
Grinder comes into view.
Grinder shouts!
Drink which item? (? for menu, Esc to quit)
Okay, then.
Drink which item? (? for menu, Esc to quit)
Okay, then.
Grinder blinks!
Attack whom?
Aim: an orc, wielding a falchion You reach to attack!
You barely miss the orc. The orc hits you but does no damage.
You barely miss the orc. Grinder says, "Are you a fish?"
The orc barely misses you.
You hit the orc. The orc barely misses you.
You barely miss the orc. The orc barely misses you.
You closely miss the orc. The orc hits you but does no damage.
You closely miss the orc. The orc misses you. Grinder gestures at you.
You suddenly lose the ability to move!
The orc hits you with a falchion.
Grinder blinks!
The orc hits you with a falchion.
An orc comes into view. It is wielding a hand axe.
Grinder blinks!
The orc hits you with a falchion.
The orc moves out of view.
The orc hits you with a falchion. Grinder completely misses you.
The orc hits you but does no damage. Grinder hits you but does no damage.
You can move again.
You take 12 damage, and have 34/46 hp.
MASSIVE DAMAGE!!
Unknown command.
Unknown command.
You hit the orc.
You kill the orc!
Makhleb accepts your kill.
You feel better.
Grinder blinks!
The orc shouts!
Grinder blinks!
You hit Grinder. Grinder gestures at you.
You suddenly lose the ability to move!
Grinder gestures at you.
You shrug off the repeated paralysis!
You can move again.
Unknown command.
You closely miss Grinder. Grinder hits you.
You writhe in agony.
An orc comes into view. It is wielding a short sword.
You take 4 damage, and have 32/46 hp.
The orc shouts!
You hit Grinder. Grinder gestures at you. Pain shoots through your body!
Grinder completely misses you.
You take 1 damage, and have 31/46 hp.
You closely miss Grinder. Grinder gestures at you.
You barely resist. You hit Grinder. Grinder hits you.
You writhe in agony.
You take 4 damage, and have 27/46 hp.
You hit Grinder. Grinder hits you but does no damage. Grinder hits you!
You take 7 damage, and have 20/46 hp.
You hit Grinder but do no damage. Grinder gestures at you.
Pain shoots through your body!
* * * LOW HITPOINT WARNING * * *
You take 13 damage, and have 7/46 hp.
MASSIVE DAMAGE!!
Drink which item? (? for menu, Esc to quit)
You feel better. Grinder closely misses you.
You regained 5 hp, and now have 12/46 hp.
You closely miss Grinder. Grinder hits you!
* * * LOW HITPOINT WARNING * * *
You writhe in agony.
You die...

... #.# #.#
#.# #.# #.#
#.# .# #@#
.# #5## .# #
#oo# .#.###
#..##.#...
#...#..o
#.#.#.#
#.#...###...
#.##....5.#
#.##..#####


You could see Grinder and 2 orcs.

Vanquished Creatures
  2 gnolls (D:2)
  4 adders
  2 oozes
  3 worms
  4 dart slugs
  A giant gecko (D:3)
  6 orcs
  A ball python (D:2)
  8 bats
  6 giant cockroaches
  2 goblins (D:2)
  12 hobgoblins
  13 jackals
  5 quokkas
  A giant newt (D:1)
  8 kobolds
  10 rats
  3 plants (D:2)
91 creatures vanquished.

Vanquished Creatures (others)
  A giant newt (D:4)
  A plant (D:2)
2 creatures vanquished.

Grand Total: 93 creatures vanquished

Notes
Turn   | Place    | Note
--------------------------------------------------------------
     0 | D:1      | esc the Hill Orc Gladiator began the quest for the Orb.
     0 | D:1      | Reached XP level 1. HP: 18/18 MP: 1/1
   262 | D:1      | Reached XP level 2. HP: 25/25 MP: 2/2
   703 | D:2      | Reached XP level 3. HP: 30/30 MP: 3/3
   770 | D:2      | Reached skill level 1 in Armour
   830 | D:2      | Found a burning altar of Makhleb.
   839 | D:2      | Reached skill level 3 in Fighting
   876 | D:2      | Reached XP level 4. HP: 33/38 MP: 4/4
   901 | D:2      | Reached skill level 4 in Polearms
   911 | D:2      | Became a worshipper of Makhleb the Destroyer
  1192 | D:2      | Reached skill level 3 in Dodging
  2117 | D:3      | Reached * piety under Makhleb
  2140 | D:3      | Reached XP level 5. HP: 42/45 MP: 5/5
  2330 | D:3      | Reached skill level 2 in Armour
  2640 | D:3      | Reached skill level 1 in Invocations
  3089 | D:3      | Reached ** piety under Makhleb
  3212 | D:4      | Noticed Grinder
  3225 | D:4      | Paralysed by Grinder for 6 turns
  3233 | D:4      | Paralysed by Grinder for 2 turns
  3240 | D:4      | HP: 7/46 [Grinder/nerve-wracking pain (13)]
  3242 | D:4      | Slain by Grinder

Skill      XL: |  1  2  3  4  5 |
---------------+----------------+-----
Armour         | 1 2 |  2.3
Fighting       | 3 |  3.8
Polearms       | 4 |  4.3
Dodging        | 3 |  3.2
Invocations    | 1 |  1.5
Throwing       | |  1.7

Action                   |  1- 3 |  4- 6 || total
-------------------------+-------+-------++-------
Melee: Trident           |    95 |       ||    95
       Halberd           |     7 |   271 ||   278
  Use: Scroll            |     5 |     6 ||    11
       Potion            |       |     1 ||     1
 Stab: Sleeping          |       |     1 ||     1
  Eat: Chunk             |       |     8 ||     8
Armor: Leather armour    |    30 |    84 ||   114
Dodge: Dodged            |    70 |   148 ||   218

Vault maps used:
D:1:      roderic_chinese_lattice_arrival
D:2:      wad_woods_stonehenge
D:4:      tgw_fedhas, makhleb_altar_promises_db, xom_confusion_cloud,
          uniq_grinder

Table legend:
 A = Turns spent in this place as a percentage of turns spent in the entire game.
 B = Non-inter-level travel turns spent in this place as a percentage of non-inter-level travel turns spent in the entire game.
 C = Inter-level travel turns spent in this place as a percentage of turns spent in this place.
 D = Turns resting spent in this place as a percentage of non-inter-level travel turns spent in this place.
 E = Turns spent auto-exploring this place as a percentage of non-inter-level travel turns spent in this place.
 F = Non-inter-level travel turns spent in this place divided by the number of levels of this place that you've seen.
                   A       B       C       D       E      F
               +-------+-------+-------+-------+-------+----------------------
         Total | 100.0 | 100.0 |   0.5 |   0.4 |   9.7 | 229.0
       Dungeon | 100.0 | 100.0 |   0.5 |   0.4 |   9.7 | 229.0
               +-------+-------+-------+-------+-------+----------------------

Table legend:
 A = Kills in this place as a percentage of kills in entire the game.
 B = Kills by you in this place as a percentage of kills by you in the entire game.
 C = Kills by friends in this place as a percentage of kills by friends in the entire game.
 D = Other kills in this place as a percentage of other kills in the entire game.
 E = Experience gained in this place as a percentage of experience gained in the entire game.
 F = Experience gained in this place divided by the number of levels of this place that you have seen.
                   A       B       C       D       E      F
               +-------+-------+-------+-------+-------+----------------------
         Total | 100.0 | 100.0 |  -nan |  -nan | 100.0 |  65.2
       Dungeon | 100.0 | 100.0 |  -nan |  -nan | 100.0 |  65.2
               +-------+-------+-------+-------+-------+----------------------
